[Event "*** Titled Tuesday 3|2 Blitz"]
[Site "Chess.com"]
[Date "2016.06.07"]
[Round "3"]
[White "tactics321"]
[Black "howitzer14"]
[Result "0-1"]
[WhiteElo "2208"]
[BlackElo "2678"]
[TimeControl "180+2"]
[EndTime "17:31:43 PDT"]
[Termination "howitzer14 won by resignation"]

1. Nf3 d5 2. c4 c6 3. g3 Bg4 4. Bg2 e6 5. O-O Nd7 6. b3 Ngf6 7. Bb2 Bd6 8. d3 O-O 9. Nbd2 Qe7 10. Rc1 a5 11.
Rc2 a4 12. Qb1 Rfd8 13. Bc3 axb3 14. axb3 Bb4 15. Qb2 h6 16. Ra1 Bxc3 17. Qxc3 Rxa1+ 18. Qxa1 Qb4 19. Qc3 Qxc3 20. Rxc3 Ra8 21. h3 Ra1+ 22. Kh2 Bxf3 23. Bxf3 Kf8 24. b4 Ke7 25. Rb3 Kd6 26. Rb1 Ra2 27. Nb3 Ne5 28. c5+ Kc7 29. Kg2 g5 30.
Nd4 h5 31. g4 hxg4 32. hxg4 Nexg4 33. Rh1 Ne5 34. Rh6 Nfd7 35. Rh5 g4 0-1

[Event "*** Titled Tuesday 3|2 Blitz"]
[Site "Chess.com"]
[Date "2016.06.07"]
[Round "3"]
[White "AleksandrKholin"]
[Black "evgenyermolaev"]
[Result "0-1"]
[WhiteElo "2107"]
[BlackElo "2280"]
[TimeControl "180+2"]
[EndTime "17:31:59 PDT"]
[Termination "evgenyermolaev won by resignation"]

1. d4 Nf6 2. Nf3 b5 3. g3 Bb7 4.
Bg2 e6 5. O-O Be7 6. Nbd2 O-O 7.
c4 bxc4 8. Nxc4 c5 9. dxc5 Bxc5 10. Nd6 Bd5 11. Nb5 Nc6 12. Nc3 Be4 13. Bg5 Bg6 14.
Nh4 Rb8 15. Nxg6 hxg6 16. b3 Qa5 17. Qc1 Bd4 18. Bd2 Rfc8 19. e3 Be5 20. Qe1 Nb4 21. f4 Nc2 22. fxe5 Nxe1 23. exf6 Nxg2 24. Kxg2 Rxc3 0-1

[Event "*** Titled Tuesday 3|2 Blitz"]
[Site "Chess.com"]
[Date "2016.06.07"]
[Round "3"]
[White "SwiftyMcBishop"]
[Black "Ar4uha"]
[Result "0-1"]
[WhiteElo "1932"]
[BlackElo "2347"]
[TimeControl "180+2"]
[EndTime "17:32:10 PDT"]
[Termination "Ar4uha won by resignation"]

1. e4 e5 2. Nf3 d6 3. d4 exd4 4. Nxd4 Nf6 5. Nc3 Be7 6. Bc4 O-O 7. O-O c6 8. h3 b5 9. Bd3 Nbd7 10. Nf5 Nc5 11.
Bf4 Bxf5 12. exf5 d5 13. g4 b4 14. Ne2 Bd6 15. Qd2 Nfe4 16. Qe3 Nxd3 17. cxd3 Bc5 18.
Qf3 Nf6 19. g5 Nd7 20. d4 Bb6 21. Qg4 Re8 22. Rad1 Re4 23. Rfe1 Qe7 24. Kf1 Re8 25. Qf3 b3 26. a3 Bxd4 27. f6 Qe6 28. fxg7 Bxg7 29.
h4 Bxb2 30. h5 Ne5 31. Bxe5 Qxe5 32. g6 hxg6 33. hxg6 fxg6 34. Qg2 Kg7 35. f3 Re3 36. Qf2 d4 37. f4 Qe4 38. Ng1 Rxe1+ 39. Rxe1 Qxe1+ 40. Qxe1 Rxe1+ 41. Kxe1 Bxa3 42. Kd1 d3 43. Nf3 b2 44. Nd2 Bb4 45. Nb1 c5 46. f5 gxf5 47.
Nc3 c4 48. Nb1 a5 49. Nc3 a4 50. Nb1 a3 51. Nxa3 Bxa3 52. Kd2 Bb4+ 53. Ke3 Bc3 0-1

[Event "*** Titled Tuesday 3|2 Blitz"]
[Site "Chess.com"]
[Date "2016.06.07"]
[Round "3"]
[White "Generalas"]
[Black "chickencrossroad"]
[Result "0-1"]
[WhiteElo "2220"]
[BlackElo "2267"]
[TimeControl "180+2"]
[EndTime "17:32:14 PDT"]
[Termination "chickencrossroad won by resignation"]

1. e4 e5 2. Nf3 Nc6 3. Bb5 Nf6 4. O-O Nxe4 5. d4 Nd6 6. Bxc6 dxc6 7. dxe5 Nf5 8.
Qxd8+ Kxd8 9. Nc3 Be6 10. a3 h6 11. h3 Be7 12. Bf4 Kc8 13. Ne4 b6 14. Rad1 Kb7 15. g4 Nh4 16. Nxh4 Bxh4 17. Bg3 Be7 18.
f4 Bd5 19. Nc3 Bc4 20. Rfe1 Rad8 21. f5 Bc5+ 22. Bf2 Be7 23. Bd4 Rxd4 24. Rxd4 Bc5 25.
Re4 Rd8 26. e6 Rxd4 27. Kg2 Rxe4 28. Nxe4 Bd5 29. Kf3 fxe6 30. fxe6 Bxe6 0-1

[Event "*** Titled Tuesday 3|2 Blitz"]
[Site "Chess.com"]
[Date "2016.06.07"]
[Round "3"]
[White "MinhGTrAn"]
[Black "Danirod"]
[Result "1-0"]
[WhiteElo "2641"]
[BlackElo "2432"]
[TimeControl "180+2"]
[EndTime "17:32:28 PDT"]
[Termination "MinhGTrAn won by resignation"]

1. d4 Nf6 2. c4 e6 3. Nf3 Bb4+ 4. Bd2 Qe7 5. g3 Bxd2+ 6. Nbxd2 d5 7. Bg2 O-O 8. O-O Rd8 9. Qc2 c6 10. e3 Nbd7 11.
Rab1 e5 12. b4 e4 13. Ne1 a6 14. a4 h5 15. b5 axb5 16. cxb5 Nf8 17. bxc6 bxc6 18. Qxc6 Bd7 19. Qc7 Ne6 20. Qe5 Rxa4 21. f3 exf3 22. Nexf3 Ng4 23. Qxh5 Nxe3 24. Rfe1 Nxg2 25.
Kxg2 Ra2 26. Qxd5 Rc8 27. Qxa2 Qf6 28. Ne4 Qg6 29. Qd2 Qh5 30. d5 Nc5 31. Rbc1 Bh3+ 32. Kf2 Nxe4+ 33. Rxe4 Rxc1 34. Qxc1 Qxd5 35. Re8+ Kh7 36.
Ng5+ Kg6 37. Nxh3 Qd4+ 38. Qe3 1-0

[Event "*** Titled Tuesday 3|2 Blitz"]
[Site "Chess.com"]
[Date "2016.06.07"]
[Round "3"]
[White "Abrito99"]
[Black "metalbattler"]
[Result "1-0"]
[WhiteElo "2344"]
[BlackElo "1943"]
[TimeControl "180+2"]
[EndTime "17:32:31 PDT"]
[Termination "Abrito99 won by resignation"]

1. e4 d5 2. exd5 Nf6 3. Bb5+ Bd7 4. Be2 Bf5 5. Nf3 Nxd5 6. O-O e6 7. d4 Be7 8. a3 O-O 9. c4 Nf6 10. Nc3 c6 11. Be3 Nbd7 12. b4 Ng4 13. Bf4 Bf6 14. Ne1 e5 15. Bxg4 Bxg4 16. Qxg4 exf4 17. Qxf4 Nb6 18.
c5 Nd5 19. Nxd5 Qxd5 20. Nf3 Rad8 21. Rfe1 Rfe8 22. h3 h6 23. Rad1 Rxe1+ 24. Rxe1 Bxd4 25. Re7 Bf6 26. Rxb7 a5 27. bxa5 Qxc5 28. a6 Rd1+ 29. Kh2 Qxf2 30. Rb8+ Kh7 31. Qf5+ g6 32. Qxf6 1-0

[Event "*** Titled Tuesday 3|2 Blitz"]
[Site "Chess.com"]
[Date "2016.06.07"]
[Round "3"]
[White "Keaton87"]
[Black "BikingBrian"]
[Result "1-0"]
[WhiteElo "2455"]
[BlackElo "2107"]
[TimeControl "180+2"]
[EndTime "17:32:49 PDT"]
[Termination "Keaton87 won by resignation"]

1. d4 Nf6 2. Bg5 c5 3. Nc3 Qb6 4. d5 Qxb2 5. Bd2 Qb6 6. e4 d6 7. f4 Bg4 8. Bb5+ Nbd7 9. Be2 Bxe2 10. Qxe2 a6 11. Nf3 g6 12. e5 Ng8 13. Rb1 Qc7 14. e6 fxe6 15. dxe6 Nb6 16. Ng5 Nf6 17. Nf7 Rg8 18.
O-O Bg7 19. f5 Nbd5 20. Nxd5 Nxd5 21. fxg6 hxg6 22. Qe4 Nf6 23. Qxg6 Bf8 24. Nxd6+ Kd8 25. Nf7+ Kc8 26. Qf5 Qc6 27. g3 b5 28. Bg5 Ne4 29.
Bf4 Kb7 30. Rbd1 Bh6 31. Ne5 Nxg3 32. hxg3 Bxf4 33. Nxc6 Rxg3+ 34. Kf2 1-0

[Event "*** Titled Tuesday 3|2 Blitz"]
[Site "Chess.com"]
[Date "2016.06.07"]
[Round "3"]
[White "Viaje"]
[Black "DarcyFitzgerald"]
[Result "1-0"]
[WhiteElo "2160"]
[BlackElo "2273"]
[TimeControl "180+2"]
[EndTime "17:32:55 PDT"]
[Termination "Viaje won by resignation"]

1. d4 d5 2. c4 c6 3. Nf3 Nf6 4. Qc2 dxc4 5. e4 b5 6. b3 cxb3 7. axb3 e6 8. Bd2 a5 9. Bd3 Bb7 10. O-O Nbd7 11. Nc3 Be7 12. e5 Nd5 13. Nxd5 cxd5 14.
Bxb5 O-O 15. Rfc1 Rc8 16. Qd3 Bb4 17. Bg5 Rxc1+ 18. Rxc1 f6 19. exf6 Nxf6 20. Ne5 Qd6 21. Qh3 Ne4 22. Be3 Rc8 23. Rd1 Ba6 24. Bd7 Nc5 25. dxc5 Qxe5 26. Bxe6+ Kf8 27. Bxc8 Be2 28. Rd4 Bc3 29. Qf5+ Qxf5 30. Bxf5 Bxd4 31. Bxd4 Bd1 32. Bc3 Bxb3 33. c6 Ba4 34. c7 Bd7 35. Bxd7 1-0

[Event "*** Titled Tuesday 3|2 Blitz"]
[Site "Chess.com"]
[Date "2016.06.07"]
[Round "3"]
[White "Newlight1"]
[Black "UltimateCrusher2"]
[Result "1-0"]
[WhiteElo "2186"]
[BlackElo "2089"]
[TimeControl "180+2"]
[EndTime "17:33:08 PDT"]
[Termination "Newlight1 won by resignation"]

1. e4 b6 2. d4 Bb7 3. Nc3 e6 4. Nf3 Nf6 5. Bd3 d5 6. e5 Nfd7 7. O-O c5 8. Bg5 Be7 9. Nb5 Bxg5 10. Nd6+ Kf8 11. Nxb7 Qe7 12. Nxg5 Qxg5 13. f4 Qe7 14. c4 dxc4 15. Be4 Na6 16. Nxc5 Naxc5 17. Bxa8 Nd3 18.
Qa4 g6 19. Be4 Nxb2 20. Qc2 Qa3 21. Rab1 Qe3+ 22. Kh1 Nd3 23. Bxd3 Qxd3 24. Qxd3 cxd3 25. Rfd1 Kg7 26. Rxd3 Rc8 27. d5 exd5 28. Rxd5 Nc5 29. Rbd1 Re8 30. Rd8 Re7 31. R8d6 h5 32. g3 Rc7 33.
Kg2 Ne4 34. Rd7 Rc2+ 35. Kf3 Nf2 36. R1d2 Rc3+ 37. Kxf2 1-0

[Event "*** Titled Tuesday 3|2 Blitz"]
[Site "Chess.com"]
[Date "2016.06.07"]
[Round "3"]
[White "aripov96"]
[Black "Penguininja"]
[Result "0-1"]
[WhiteElo "2233"]
[BlackElo "2221"]
[TimeControl "180+2"]
[EndTime "17:33:08 PDT"]
[Termination "Penguininja won by checkmate"]

1. e4 e6 2. d3 d5 3. Nd2 Nf6 4. g3 Nc6 5. Bg2 Bc5 6. Ngf3 O-O 7. O-O dxe4 8. dxe4 e5 9. c3 a5 10. Qc2 Be6 11. Nb3 Bb6 12. Bg5 h6 13. Rad1 Qe7 14. Bd2 Rfd8 15. Nh4 Bg4 16. Nf5 Qe6 17. Rde1 a4 18. Nc1 Ne7 19. h3 Nxf5 20. exf5 Bxf5 21. Qd1 Bxh3 22. Qe2 Bxg2 23. Kxg2 Qd5+ 24. Qf3 Qxf3+ 25. Kxf3 Rxd2 26. Re2 Rxe2 27. Kxe2 e4 28. Rd1 c6 29. a3 Rd8 30. Re1 Ng4 31. f3 exf3+ 32. Kxf3 Nf6 33. Re7 Rd7 34. Re5 Rd1 35. Ne2 Rd2 36. Re7 Rd7 37.
Re5 Bc7 38. Re3 Nd5 39. Re4 f5 40. Rxa4 Re7 41. Ra8+ Kh7 42. Ra7 Bb6 43. Ra8 Re3+ 44. Kg2 Rxe2+ 45. Kh3 g5 46. g4 Nf4+ 47. Kg3 Re3+ 48.
Kf2 Re8+ 49. Kf3 Rxa8 50. gxf5 Kg7 51. Ke4 Kf6 52. c4 Re8+ 53. Kf3 Re3+ 54. Kf2 Re2+ 55.
Kf3 Kxf5 56. c5 g4+ 57. Kg3 Bxc5 58. b4 Bd4 59. b5 Bc3 60. bxc6 Be1# 0-1

[Event "*** Titled Tuesday 3|2 Blitz"]
[Site "Chess.com"]
[Date "2016.06.07"]
[Round "3"]
[White "aspired"]
[Black "cheese111"]
[Result "1-0"]
[WhiteElo "2497"]
[BlackElo "2298"]
[TimeControl "180+2"]
[EndTime "17:33:10 PDT"]
[Termination "aspired won by resignation"]

1. e4 e5 2. Nf3 Nc6 3. Nc3 Nf6 4.
Bb5 Bb4 5. O-O O-O 6. d3 d6 7.
Ne2 Ne7 8. c3 Ba5 9. Ng3 c6 10. Ba4 Ng6 11. d4 Re8 12. Bc2 h6 13.
h3 Bc7 14. Be3 d5 15. dxe5 Nxe5 16. Nxe5 Bxe5 17. f4 Bc7 18. e5 Bb6 19. Bxb6 Qxb6+ 20. Kh2 Nd7 21. Qd3 Nf8 22. Nh5 Qd8 23. Qg3 Ne6 24. f5 1-0

[Event "*** Titled Tuesday 3|2 Blitz"]
[Site "Chess.com"]
[Date "2016.06.07"]
[Round "3"]
[White "Fandorine"]
[Black "OldweakGM"]
[Result "1-0"]
[WhiteElo "2609"]
[BlackElo "2612"]
[TimeControl "180+2"]
[EndTime "17:33:18 PDT"]
[Termination "Fandorine won by resignation"]

1. e4 c5 2. Nf3 d6 3. d4 cxd4 4. Qxd4 a6 5. h3 Nc6 6. Qe3 g6 7. Be2 Bg7 8. O-O Nf6 9. c4 O-O 10. Nc3 Nd7 11. Rd1 Nc5 12. Rb1 f5 13. b4 Nxe4 14. Nxe4 fxe4 15. Ng5 Bf5 16. Nxe4 Rc8 17. Bb2 Ne5 18. Rbc1 Qe8 19. c5 Bxe4 20. Qxe4 Qf7 21. Bd4 Kh8 22. Qxb7 Rb8 23. Qxa6 Ra8 24. Qb7 Rxa2 25.
Qe4 Qb3 26. cxd6 exd6 27. Rc7 Bf6 28. b5 Ra4 29. Qe3 Qa2 30. Qh6 Qg8 31. Rxh7+ 1-0

[Event "*** Titled Tuesday 3|2 Blitz"]
[Site "Chess.com"]
[Date "2016.06.07"]
[Round "3"]
[White "akinov-akinseye"]
[Black "rdclayton"]
[Result "0-1"]
[WhiteElo "1710"]
[BlackElo "2086"]
[TimeControl "180+2"]
[EndTime "17:33:41 PDT"]
[Termination "rdclayton won by resignation"]

1. e4 d6 2. d4 Nf6 3. Nc3 a6 4. Be3 b5 5. Be2 Bb7 6. f3 Nbd7 7. Nh3 e5 8. d5 c6 9. a3 cxd5 10. Nxd5 Nxd5 11. exd5 Be7 12. O-O O-O 13. c4 bxc4 14. Bxc4 f5 15. a4 Rc8 16. b3 Nb6 17. Bd3 Kh8 18. a5 Nxd5 19. Bf2 e4 20. fxe4 fxe4 21. Bxe4 Nc3 22. Bb6 Qd7 23. Rxf8+ Rxf8 24. Qd4 Nxe4 25. Re1 Bf6 26. Qd3 Qc6 27. Qf3 Be7 28. Qg4 Qc8 29.
Bd4 Qxg4 30. Bxg7+ Qxg7 31. Rxe4 Bxe4 0-1

[Event "*** Titled Tuesday 3|2 Blitz"]
[Site "Chess.com"]
[Date "2016.06.07"]
[Round "3"]
[White "dretch"]
[Black "severomorskij"]
[Result "1-0"]
[WhiteElo "2626"]
[BlackElo "2606"]
[TimeControl "180+2"]
[EndTime "17:33:44 PDT"]
[Termination "dretch won by checkmate"]

1. d4 Nf6 2. c4 e6 3. Nc3 Bb4 4. Qc2 d5 5. cxd5 exd5 6. Bg5 c5 7. dxc5 O-O 8. e3 Be6 9. Nf3 h6 10. Bh4 Nbd7 11. c6 bxc6 12. Be2 Qa5 13. O-O Bd6 14. Nd4 c5 15. Nf5 Bc7 16. Nb5 Bxf5 17. Qxf5 Be5 18. Bxf6 Bxf6 19. Qxd7 Rfd8 20. Qf5 Bxb2 21. Rab1 Bf6 22.
Bd3 c4 23. Bc2 Rab8 24. Nd4 Bxd4 25. Qh7+ Kf8 26. exd4 Rxb1 27. Bxb1 Qd2 28. Qh8+ Ke7 29. Qxg7 c3 30. Qe5+ Kf8 31. Re1 Kg8 32. Qe3 Rc8 33. Bf5 Rc6 34. h4 Kg7 35. Qe5+ Kg8 36. Re3 c2 37. Rg3+ Kf8 38. Qb8+ Ke7 39. Qb7+ Kd6 40. Qd7# 1-0

[Event "*** Titled Tuesday 3|2 Blitz"]
[Site "Chess.com"]
[Date "2016.06.07"]
[Round "3"]
[White "MaestroASK"]
[Black "michaelq2d5"]
[Result "1-0"]
[WhiteElo "2460"]
[BlackElo "2470"]
[TimeControl "180+2"]
[EndTime "17:34:04 PDT"]
[Termination "MaestroASK won on time"]

1. g3 d5 2. d3 Nf6 3. Bg2 Bf5 4.
Nd2 e6 5. e4 Bg6 6. Nh3 c5 7. Qe2 Be7 8. Nf4 Nc6 9. h4 Nd4 10.
Qd1 dxe4 11. dxe4 e5 12. Nd3 Bd6 13. c3 Ne6 14. h5 Bxh5 15. Rxh5 Nxh5 16. Qxh5 g6 17.
Qe2 Bc7 18. Nc4 Qf6 19. a4 b6 20. Bh3 Ng5 21. Bxg5 Qxg5 22. Qg4 Qe7 23. Ne3 h5 24. Qe2 Rd8 25. Nd5 Qd6 26. Qf3 h4 27. O-O-O hxg3 28.
Qxg3 Bb8 29. Bg2 Qe6 30. Rh1 Rxh1+ 31. Bxh1 f5 32. c4 f4 33. Qh4 Qf7 34. Bf3 Bd6 35.
Bg4 Qg7 36. b3 Be7 37. Nxe7 Rxd3 38. Nxg6 Rd6 39. Qg5 1-0

[Event "*** Titled Tuesday 3|2 Blitz"]
[Site "Chess.com"]
[Date "2016.06.07"]
[Round "3"]
[White "BCNUM8"]
[Black "djgwards"]
[Result "0-1"]
[WhiteElo "2121"]
[BlackElo "2091"]
[TimeControl "180+2"]
[EndTime "17:34:08 PDT"]
[Termination "djgwards won on time"]

1. d4 d5 2. Bg5 c6 3. Nf3 h6 4. Bh4 Qb6 5. b3 Nd7 6. e3 e5 7. Be2 e4 8. Nfd2 Bd6 9. c4 Qc7 10.
cxd5 cxd5 11. Nc3 Ngf6 12. Nb5 Qb8 13. Nxd6+ Qxd6 14. Bg3 Qe7 15. O-O O-O 16. Rc1 Ne8 17. Nb1 Nb6 18. a4 Be6 19. a5 Nc8 20. Nc3 Ncd6 21. Na4 Nf5 22. Nc5 Nxg3 23. hxg3 Nd6 24. b4 b5 25. Nxe6 Qxe6 26. Rc6 Rfc8 27. Bxb5 Rcb8 28. Qe2 Rxb5 29. Rxd6 Qxd6 30. Qxb5 Rb8 31. Qc5 Qxc5 32. bxc5 Kf8 33. Rc1 Ke7 34. c6 Kd6 35. c7 Rc8 36. f3 exf3 37. gxf3 Rxc7 38. Rxc7 Kxc7 39. e4 Kc6 40. Kf2 Kb5 41. exd5 Kxa5 42. Ke3 Kb6 43. Kd3 Kc7 44. Kc4 Kd6 0-1

[Event "*** Titled Tuesday 3|2 Blitz"]
[Site "Chess.com"]
[Date "2016.06.07"]
[Round "3"]
[White "IIIlllII1llIl"]
[Black "yopino"]
[Result "0-1"]
[WhiteElo "2399"]
[BlackElo "2262"]
[TimeControl "180+2"]
[EndTime "17:34:12 PDT"]
[Termination "yopino won by resignation"]

1. e4 c5 2. c3 g6 3. Nf3 Bg7 4. d4 cxd4 5. cxd4 d5 6. e5 Nh6 7.
h3 O-O 8. Nc3 Nc6 9. Bd3 Nf5 10.
Bc2 Qb6 11. Nxd5 Qa5+ 12. Nc3 Nfxd4 13. Nxd4 Rd8 14. Be3 Bxe5 15. O-O Nxd4 16. Bxd4 Bxd4 17. Qf3 Be6 18. Rad1 Rab8 19. Bb3 Bxb3 20. axb3 Qb6 21.
Nd5 Qc5 22. Nc3 e5 23. Ne4 Qe7 24. Rfe1 f5 25. Nc3 Qc5 26. Qe2 a6 27. Rc1 Rbc8 28. Kh2 Qb6 29. Na4 Qxb3 30. Nc3 b5 31. Qf3 Qxb2 32.
Ne2 e4 33. Rxc8 Rxc8 34. Qg3 Be5 35. Nf4 Qd2 36. Re3 Rc3 37. Qg5 Rxe3 38. Qd8+ Qxd8 39.
fxe3 Bxf4+ 40. exf4 Qd3 0-1

[Event "*** Titled Tuesday 3|2 Blitz"]
[Site "Chess.com"]
[Date "2016.06.07"]
[Round "3"]
[White "oskariot"]
[Black "Mornar1951"]
[Result "1-0"]
[WhiteElo "2421"]
[BlackElo "2492"]
[TimeControl "180+2"]
[EndTime "17:34:12 PDT"]
[Termination "oskariot won by checkmate"]

1. e4 e6 2. d4 d5 3. Nd2 c5 4.
exd5 Qxd5 5. dxc5 Bxc5 6. Ngf3 Nf6 7. Bc4 Qc6 8. Qe2 a6 9. a4 O-O 10. a5 Qc7 11. Nb3 Bd6 12. O-O Nc6 13. h3 Ne5 14.
Nxe5 Bxe5 15. f4 Bd6 16. Be3 Bd7 17. Rad1 Bc6 18. Bb6 Qe7 19. Nd4 Bd5 20. Bd3 Rac8 21. c4 Bc6 22. Kh1 Bc5 23. f5 Bxb6 24. axb6 e5 25.
Nxc6 Rxc6 26. Qe3 Qb4 27. Qxe5 Rxb6 28. c5 Qxb2 29. Qe7 Rc6 30. Bc4 Qb4 31. Rd8 Nd7 32.
Qxf7+ Kh8 33. Qg8+ Rxg8 34. Rxg8# 1-0

[Event "*** Titled Tuesday 3|2 Blitz"]
[Site "Chess.com"]
[Date "2016.06.07"]
[Round "3"]
[White "bugsbunny444"]
[Black "Noukii"]
[Result "0-1"]
[WhiteElo "2359"]
[BlackElo "2635"]
[TimeControl "180+2"]
[EndTime "17:34:19 PDT"]
[Termination "Noukii won on time"]

1. Nf3 d5 2. c4 c6 3. g3 Nf6 4.
Bg2 g6 5. Qa4 Bg7 6. cxd5 Nxd5 7. d4 O-O 8. O-O Bg4 9. Rd1 Nd7 10. e4 N5b6 11. Qc2 e5 12. dxe5 Qe7 13. Bg5 Qe8 14. h3 Bxf3 15. Bxf3 Qxe5 16. Bc1 Nc5 17. Nc3 Rad8 18.
Bf4 Qe7 19. Bg2 Ne6 20. Be3 Nd4 21. Bxd4 Bxd4 22. Kh2 Qc5 23. f4 a5 24. Rac1 Be3 25. Rxd8 Rxd8 26. Rd1 Rxd1 27. Qxd1 Bd4 28. Qb3 Qb4 29. e5 Qxb3 30. axb3 Nd7 31. Be4 Nc5 32.
Bc2 b5 33. Ne4 Ne6 34. Nc3 Kf8 35. Kg2 h5 36. Be4 b4 37. Na4 c5 38. Bd5 Ke7 0-1

[Event "*** Titled Tuesday 3|2 Blitz"]
[Site "Chess.com"]
[Date "2016.06.07"]
[Round "3"]
[White "ilya261991"]
[Black "Durarbayli"]
[Result "0-1"]
[WhiteElo "2539"]
[BlackElo "2430"]
[TimeControl "180+2"]
[EndTime "17:34:22 PDT"]
[Termination "Durarbayli won by resignation"]

1. d4 Nf6 2. c4 e6 3. Nf3 b6 4.
g3 Bb7 5. Bg2 Bb4+ 6. Bd2 a5 7.
O-O O-O 8. Nc3 Bxc3 9. Bxc3 d6 10. Qc2 Be4 11. Qc1 Nbd7 12. b3 Qc8 13. Bh3 h6 14. Nd2 Bc6 15. Qc2 Qb7 16. f3 b5 17. e4 bxc4 18.
bxc4 Qa7 19. Kh1 e5 20. d5 Bb7 21. Rae1 Rfe8 22. f4 Bc8 23. Nf3 Qc5 24. Ba1 c6 25. Bxd7 Nxd7 26. fxe5 dxe5 27. dxc6 Qxc6 28. Nh4 Nf6 29.
Nf5 Bxf5 30. Rxf5 Nd7 31. Qf2 Qxc4 32. Rf1 Qxe4+ 33. Kg1 f6 34. a3 Rac8 35. Qa2+ Qc4 36. Qd2 Qe6 37. R5f2 e4 38. Qxa5 e3 39. Re2 Rc4 40.
Qe1 Re4 41. Rf3 Nc5 42. Qc3 Nb3 43. Bb2 Nd4 44. Rexe3 Rxe3 45. Rxe3 Qxe3+ 46. Qxe3 Rxe3 47. Bxd4 Rxa3 48. Kg2 h5 49. h4 Kf7 50. Bc5 Rb3 51. Bd4 Ke6 52. Bc5 Kf5 53. Bf8 g5 54. hxg5 fxg5 55.
Be7 Kg4 56. Bd6 Rb2+ 57. Kg1 Kf3 58. Be5 Rg2+ 59. Kh1 Rxg3 60. Bxg3 Kxg3 61. Kg1 g4 0-1

[Event "*** Titled Tuesday 3|2 Blitz"]
[Site "Chess.com"]
[Date "2016.06.07"]
[Round "3"]
[White "FearlessKing64"]
[Black "WanderingPuppet"]
[Result "0-1"]
[WhiteElo "2100"]
[BlackElo "2277"]
[TimeControl "180+2"]
[EndTime "17:34:32 PDT"]
[Termination "WanderingPuppet won by resignation"]

1. e4 c5 2. Nf3 d6 3. d4 cxd4 4. Nxd4 Nf6 5. f3 a6 6. c4 e5 7. Nc2 Nbd7 8. Nc3 Nb6 9. b3 Be6 10. Be3 Rc8 11. Qd2 Be7 12. Rc1 Nbd7 13. Be2 O-O 14.
O-O h6 15. Rfd1 Nh5 16. g3 Kh7 17. Nb4 Nhf6 18. f4 Bg4 19. Nbd5 Bxe2 20. Qxe2 Re8 21. f5 Nxd5 22. Nxd5 Nf6 23. Bb6 Qd7 24. c5 Nxd5 25. Rxd5 Qc6 26. Rc4 dxc5 27. Bxc5 Bxc5+ 28. Rdxc5 Qxc5+ 29.
Rxc5 Rxc5 30. f6 Rec8 31. Qg4 Rc1+ 32. Kg2 gxf6 33. Qf5+ Kg7 34. Qg4+ Kf8 35. Qh5 R8c2+ 36. Kh3 Rh1 37. Qxh6+ Ke7 38. Qe3 Rhxh2+ 39. Kg4 Rhd2 40. Qb6 Rd7 41. Qb4+ Ke8 42. Kf5 Rf2+ 43. Kg4 f5+ 44.
exf5 Rd4+ 0-1

[Event "*** Titled Tuesday 3|2 Blitz"]
[Site "Chess.com"]
[Date "2016.06.07"]
[Round "3"]
[White "AllStarShark"]
[Black "twitchTriniCupid"]
[Result "0-1"]
[WhiteElo "2139"]
[BlackElo "2134"]
[TimeControl "180+2"]
[EndTime "17:34:33 PDT"]
[Termination "twitchTriniCupid won by resignation"]

1. d4 c6 2. c4 d6 3. Nc3 e5 4. Nf3 Bg4 5. e3 Qc7 6. Be2 Nd7 7. b3 Be7 8. Bb2 a5 9. Qc2 Ngf6 10.
Rd1 O-O 11. h3 Bh5 12. d5 Nc5 13. O-O Bg6 14. Qc1 Nfe4 15. Nxe4 Nxe4 16. dxc6 bxc6 17. Nd2 Nc5 18. Ba3 Ne6 19. Nb1 Rfd8 20. Nc3 Rab8 21.
Bd3 f5 22. c5 d5 23. Bb1 d4 24. Na4 Kh8 25. Bb2 Rb4 26. exd4 Nxd4 27. Bxd4 Rbxd4 28. Rxd4 exd4 29. Re1 Bf6 30. Qd2 d3 31. Rd1 f4 32.
Nb2 Qe5 33. Nc4 Qxc5 34. Qxa5 Qd4 35. Qb6 c5 36. b4 Qxc4 37. bxc5 Qd4 38. Qc7 Bf5 39.
c6 f3 40. g3 Bxh3 41. Qb7 Bc8 42. Qa6 Bxa6 0-1

[Event "*** Titled Tuesday 3|2 Blitz"]
[Site "Chess.com"]
[Date "2016.06.07"]
[Round "3"]
[White "champ1000"]
[Black "ZEN-22"]
[Result "1-0"]
[WhiteElo "2103"]
[BlackElo "2397"]
[TimeControl "180+2"]
[EndTime "17:34:38 PDT"]
[Termination "champ1000 won by resignation"]

1. e4 c5 2. Nf3 e6 3. d4 cxd4 4.
Nxd4 Nf6 5. Nc3 Bb4 6. Bd3 d5 7. exd5 Nxd5 8. Bd2 Nxc3 9. bxc3 Bc5 10. O-O Bxd4 11.
cxd4 Qxd4 12. Be3 Qe5 13. Bd4 Qd5 14. Qg4 Nc6 15. Be4 e5 16. Qxg7 Qxe4 17. Qxh8+ Kd7 18. Rfe1 Qxd4 19. Rad1 Qxd1 20. Rxd1+ Ke7 21. h4 Rb8 22. Qxh7 Be6 23. h5 Rc8 24. Qg7 Nd4 25. Rxd4 exd4 26.
h6 Rxc2 27. h7 d3 28. h8=Q d2 29. Qf6+ Kd7 30. Qhd8+ Kc6 31. Qf3+ Kb5 32. Qxb7+ Kc4 33. Qdc7+ Kd3 34. Qg3+ Ke2 35. Qbf3+ Ke1 36. Qe3+ Kd1 37. f3 Kc1 38. Qgf2 Bxa2 39. Qfe1+ Kb2 40. Q1xd2 Be6 41. Qed4+ Kb1 42. Q4d3 Bb3 43. Qxb3+ Ka1 44. Qbxc2 1-0

[Event "*** Titled Tuesday 3|2 Blitz"]
[Site "Chess.com"]
[Date "2016.06.07"]
[Round "3"]
[White "ShimanovAlex"]
[Black "Dlugy"]
[Result "1/2-1/2"]
[WhiteElo "2647"]
[BlackElo "2604"]
[TimeControl "180+2"]
[EndTime "17:34:39 PDT"]
[Termination "Game drawn by agreement"]

1. d4 Nf6 2. Nf3 g6 3. Bg5 Bg7 4. Nbd2 O-O 5. c3 d6 6. e4 c5 7.
dxc5 dxc5 8. Be2 Nc6 9. O-O Qc7 10.
h3 Rd8 11. Qc2 b6 12. a4 Bb7 13. Rfe1 Nh5 14. Be3 Nf4 15. Bf1 Ne5 16. Nxe5 Bxe5 17. a5 Ne6 18. Bc4 Nf4 19. Nf3 Bg7 20. Ng5 e6 21. g3 Nh5 22. Bf1 h6 23. Nf3 Nf6 24.
Nd2 Nd7 25. Bf4 Ne5 26. Bg2 g5 27. Bxe5 Bxe5 28. Nc4 Ba6 29. Nxe5 Qxe5 30. axb6 axb6 31. Qb3 Qc7 32. Red1 Rxd1+ 33. Qxd1 Bb7 34. Rxa8+ Bxa8 35. h4 Kg7 36. hxg5 hxg5 37. Qh5 Qe7 38. e5 Bxg2 39. Kxg2 f5 40. exf6+ Qxf6 41. Qf3 Qd8 42. Qe4 Kf6 43. Kf3 Qd1+ 44. Qe2 Qd5+ 45. Ke3 Qe5+ 46. Kd2 Qd5+ 47. Kc2 c4 48. Qe3 b5 49. f3 Qf5+ 50. Kc1 Qd5 51. g4 Qe5 52. Kd2 Qxe3+ 53. Kxe3 e5 54. Kd2 Ke7 55.
Ke1 Kd6 56. Kf2 Kd5 57. Ke3 Kd6 58. Kd2 Kd5 59. Ke3 Kd6 1/2-1/2

[Event "*** Titled Tuesday 3|2 Blitz"]
[Site "Chess.com"]
[Date "2016.06.07"]
[Round "3"]
[White "kikydu96"]
[Black "Cruel_Yaro"]
[Result "0-1"]
[WhiteElo "2392"]
[BlackElo "2550"]
[TimeControl "180+2"]
[EndTime "17:34:42 PDT"]
[Termination "Cruel_Yaro won by resignation"]

1. e4 c5 2. Nf3 e6 3. d4 cxd4 4. Nxd4 Nc6 5. Nb5 d6 6. Bf4 e5 7. Be3 Nf6 8. N1c3 a6 9. Na3 b5 10. Nd5 Nxd5 11. exd5 Ne7 12. c4 Nf5 13. Bd2 Qh4 14.
cxb5 Qe4+ 15. Qe2 Qxd5 16. Qc4 Qxc4 17. Bxc4 Be6 18. bxa6 d5 19. Bb5+ Bd7 20. O-O Bxa3 21. Bxd7+ Kxd7 22. bxa3 Rxa6 23. Rab1 Rc8 24. Bb4 Nd4 25.
Rfd1 Ke6 26. Kf1 Nc2 27. Rb2 d4 28. Rc1 Ne3+ 29. fxe3 Rxc1+ 30. Ke2 dxe3 31. Kxe3 f5 32. Rd2 g5 33. g3 f4+ 34. gxf4 gxf4+ 35. Kf3 Kf5 36. Rd5 Rh6 37. Bd2 Rf1+ 38. Kg2 Rb1 39. Bc3 Re6 40. a4 Rc1 41. Rc5 Rc2+ 42. Kf3 Rxh2 43.
a5 Rxa2 44. a6 Raxa6 45. Rb5 h5 46. Rb8 e4+ 47. Kg2 Ra2+ 48. Kh3 e3 49. Rb5+ Ke4 50. Rxh5 f3 51. Rh4+ Kd3 0-1